 Dungeon Crawl Stone Soup version 0.24-a0-504-gcfb02b9 (webtiles) character file.

Game seed: 13633517572376672865

667 DinnerBoy7 the Slasher (level 7, -2/48 HPs)
             Began as an Octopode Fighter on July 18, 2019.
             Was a Believer of Elyvilon.
             Slain by a sky beast (5 damage)
             ... on level 5 of the Dungeon.
             The game lasted 00:26:11 (5449 turns).

DinnerBoy7 the Slasher (Octopode Fighter)           Turns: 5449, Time: 00:26:12

Health: -2/48      AC:  1    Str: 17    XL:     7   Next: 57%
Magic:  8/8        EV: 10    Int: 10    God:    Elyvilon [**....]
Gold:   192        SH: 15    Dex: 12    Spells: 6/6 levels left

rFire    . . .     SeeInvis .   a - +0 long sword
rCold    + . .     Gourm    .   i - +1 large shield
rNeg     . . .     Faith    +   (helmet restricted)
rPois    +         Spirit   .   k - amulet of faith
rElec    .         Reflect  .   (no ring)
rCorr    .         Harm     .   o - ring of poison resistance
MR       .....                  n - ring of protection from cold
Stlth    +++.......             (no ring)
HPRegen  0.16/turn              (no ring)
MPRegen  0.11/turn              (no ring)
                                (no ring)
                                (no ring)

@: no status effects
A: almost no armour, stealthy swim, amphibious, 8 rings, constrict 8, camouflage
1, gelatinous body 1
a: Lesser Healing, Heal Other, Divine Protection, Renounce Religion


You were on level 5 of the Dungeon.
You worshipped Elyvilon.
Elyvilon was pleased with you.
You were not hungry.

You visited 1 branch of the dungeon, and saw 5 of its levels.

You collected 192 gold pieces.

Inventory:

Hand Weapons
 a - a +0 long sword (weapon)
 t - a +0 halberd
 u - a +0 great sword
Missiles
 g - 8 boomerangs (quivered)
Armour
 b - a +0 shield
 i - a +1 large shield (worn)
Jewellery
 j - an uncursed amulet of regeneration
 k - an amulet of faith (around mantle)
 n - a ring of protection from cold (on tentacle)
 o - a ring of poison resistance (right tentacle)
Scrolls
 f - 2 scrolls of teleportation
 l - 5 scrolls of identify
 m - a scroll of noise
 r - a scroll of remove curse
 s - a scroll of blinking {unknown}
 v - a scroll of immolation {unknown}
Potions
 c - 2 potions of might
 e - 4 potions of curing {unknown}
 h - 2 potions of heal wounds {unknown}
 p - a potion of cancellation {unknown}
 q - a potion of agility {unknown}
Comestibles
 d - 5 rations


   Skills:
 + Level 4.2 Fighting
 + Level 4.9 Long Blades
 + Level 4.2 Dodging
 + Level 4.1 Stealth
 + Level 4.5 Shields
 * Level 1.4 Invocations


You had 6 spell levels left.
You didn't know any spells.
Your spell library was empty.

Dungeon Overview and Level Annotations

Branches:
Dungeon (5/15)
 Temple: D:4-7

Altars:
Elyvilon
Gozag


Innate Abilities, Weirdness & Mutations

You cannot wear most types of armour.
You are very stealthy in the water. (Stealth+)
You are amphibious.
You can wear up to eight rings at the same time.
You can use your tentacles to constrict eight enemies at once.
Your skin changes colour to match your surroundings (Stealth+).
Your rubbery body absorbs attacks. (AC +1, EV +1)


Message History

Really target yourself?
Okay, then.
Throwing (i - inventory)
g - 8 boomerangs (quivered)
Press: ? - help, Shift-Dir - straight line, f - you
Okay, then.
Your shield prevents you from hitting something.
Your squeeze misses something. Something hits you. Something shocks you.
You barely miss something. You squeeze something. Something hits you.
Something shocks you. Something hits you. Something shocks you.
You closely miss something. Something hits you. Something shocks you.
* * * LOW HITPOINT WARNING * * *
You completely miss something. Something hits you.
* * * LOW HITPOINT WARNING * * *
Something shocks you.
* * * LOW HITPOINT WARNING * * *
Your shield prevents you from hitting something.
Something hits you. Elyvilon protects you from harm! Something shocks you.
You die...

###############
#########........).....
##..............@#
.........#.#####{#
#..........# #.#
##...###.### #.# #.##.#
#.# #.# . #.# #.# #.# #
#.# #.# ... # #.# #.#
#.# # #.# #.#


There were no monsters in sight!

Vanquished Creatures
  Grinder (D:5)
  A phantom (D:3)
  A bullfrog zombie (D:3)
  A centaur zombie (D:5)
  Jessica (D:2)
  2 orc wizards (D:3)
  Natasha (twice) (D:2)
  4 gnolls (D:3)
  5 adders
  2 oozes
  4 worms
  5 dart slugs
  2 leopard geckos (D:3)
  4 orcs (D:3)
  7 giant cockroaches
  10 goblins
  8 hobgoblins
  2 jackals (D:1)
  7 bats
  8 frilled lizards
  15 kobolds
  7 rats
99 creatures vanquished.

Vanquished Creatures (others)
  A scorpion (D:5)
1 creature vanquished.

Grand Total: 100 creatures vanquished

Notes
Turn   | Place    | Note
-------+----------+-------------------------------------------
     0 | D:1      | DinnerBoy7 the Octopode Fighter began the quest for the
                  | Orb.
     0 | D:1      | Reached XP level 1. HP: 16/16 MP: 1/1
   291 | D:1      | Reached XP level 2. HP: 21/21 MP: 2/2
   958 | D:1      | Reached XP level 3. HP: 23/26 MP: 3/3
  1161 | D:2      | Found a white marble altar of Elyvilon.
  1322 | D:2      | Found an opulent altar of Gozag.
  1390 | D:2      | You fall into a shaft and drop 1 floor!
  1398 | D:3      | Reached skill level 1 in Stealth
  1651 | D:2      | Reached XP level 4. HP: 30/31 MP: 4/4
  1745 | D:2      | Noticed Jessica
  1750 | D:2      | Killed Jessica
  1874 | D:2      | Reached XP level 5. HP: 22/36 MP: 5/5
  2113 | D:2      | Noticed Natasha
  2118 | D:2      | Killed Natasha
  2191 | D:2      | Became a worshipper of Elyvilon the Healer
  2494 | D:2      | Noticed Natasha
  2508 | D:2      | Killed Natasha
  3118 | D:3      | Reached XP level 6. HP: 43/43 MP: 6/6
  3229 | D:3      | Reached * piety under Elyvilon
  3757 | D:3      | Noticed a phantom
  3804 | D:3      | Killed a phantom
  3804 | D:3      | Reached XP level 7. HP: 6/48 MP: 7/7
  4298 | D:3      | Reached ** piety under Elyvilon
  5018 | D:5      | Entered Level 5 of the Dungeon
  5020 | D:5      | Noticed Grinder
  5046 | D:5      | Paralysed by Grinder for 7 turns
  5054 | D:5      | Killed Grinder
  5054 | D:5      | Reached skill level 1 in Invocations
  5449 | D:5      | Elyvilon protects you from harm!
  5449 | D:5      | Slain by a sky beast

Levels and vault maps discovered:
D:1:      minmay_arrival_split_and_join, layout_basic
D:2:      layout_basic, elyvilon_altar_1, nicolae_gozag_seed_capital,
          uniq_natasha, uniq_jessica
D:3:      layout_loops_corners, first_ration
D:4:      layout_rooms, serial_curves, eino_curves_01, eino_curves_01,
          eino_curves_03, eino_curves_02
D:5:      layout_loops_ring, nemelex_xobeh_ov_fountains_minmay,
          cheibrodos_worm_habitat, overflow_temple_1_default,
          minmay_temple_entry_butterflies, kennysheep_path_1, minivault_24,
          uniq_grinder

Skill      XL: |  1  2  3  4  5  6  7 |
---------------+----------------------+-----
Stealth        | 1 2 3 4 |  4.1
Long Blades    | 3 4 |  4.9
Shields        | 4 |  4.5
Fighting       | 4 |  4.2
Dodging        | 4 |  4.2
Invocations    | 1 |  1.4

Action                   |  1- 3 |  4- 6 |  7- 9 || total
-------------------------+-------+-------+-------++-------
Melee: Long sword        |    68 |   118 |    24 ||   210
       Constrict         |    17 |    36 |     3 ||    56
       Tentacles         |    15 |    24 |     3 ||    42
Throw: Boomerang         |       |       |     4 ||     4
Invok: Lesser Healing    |       |       |     2 ||     2
       Heal Other        |       |       |     2 ||     2
       Divine Protection |       |       |     1 ||     1
  Use: Scroll            |     1 |     3 |     1 ||     5
 Stab: Sleeping          |     5 |     5 |     2 ||    12
  Eat: Chunk             |     1 |     4 |       ||     5
       Ration            |     1 |       |     2 ||     3
Armor: Skin              |     5 |     5 |       ||    10
Dodge: Dodged            |    18 |    44 |     4 ||    66
Block: Shield            |    10 |       |       ||    10
       Large shield      |    35 |   101 |    11 ||   147
       Rpst.: Long sword |     2 |    13 |     1 ||    16

Table legend:
 A = Non-vault XP
 B = Vault XP
 C = Vault XP percentage of total XP
 D = Non-vault monster count
 E = Vault monster count
 F = Vault count percentage of total count
                 A         B        C        D         E       F
            +---------+---------+-------+---------+---------+-------
      Total |     623 |     279 |  30.9 |      96 |       3 |   3.0
            +---------+---------+-------+---------+---------+-------
        D:1 |      43 |       0 |   0.0 |      22 |       0 |   0.0
        D:2 |     129 |      72 |  35.8 |      30 |       2 |   6.2
        D:3 |     394 |       0 |   0.0 |      38 |       0 |   0.0
        D:4 |      13 |       0 |   0.0 |       5 |       0 |   0.0
        D:5 |      44 |     207 |  82.5 |       1 |       1 |  50.0
            +---------+---------+-------+---------+---------+-------
